 Dungeon Crawl Stone Soup version 0.28.0 (webtiles) character file.

Game seed: 8203454027305168245

4 Pennybags the Grave Robber (level 1, 0/14 HPs)
             Began as a Ghoul Necromancer on Feb 5, 2022.
             Slain by a goblin (2 damage)
             ... on level 1 of the Dungeon.
             The game lasted 00:04:35 (410 turns).

Pennybags the Grave Robber (Ghoul Necromancer)       Turns: 410, Time: 00:04:36

Health: 0/14       AC:  2    Str: 11    XL:     1   Next: 70%
Magic:  2/2        EV: 12    Int: 16    God:
Gold:   0          SH:  0    Dex:  9    Spells: 2/3 levels left

rFire   . . .      SeeInvis .   c - +0 dagger
rCold   + . .      Faith    .   (no shield)
rNeg    + + +      Spirit   .   a - +0 robe
rPois   ∞          Reflect  .   (no helmet)
rElec   .          Harm     .   (no cloak)
rCorr   .          Rampage  .   (no gloves)
Will    .....                   (no boots)
Stlth   ++........              (no amulet)
HPRegen 0.00/turn               b - +6 ring of intelligence
MPRegen 0.08/turn               d - ring of positive energy

@: inhibited regen
A: claws 1, cold resistance 1, negative energy resistance 3, inhibited
regeneration, torment resistance 2
a: no special abilities


You were on level 1 of the Dungeon.
You visited 1 branch of the dungeon, and saw 1 of its levels.

Inventory:

Hand Weapons
 c - a +0 dagger (weapon)
Armour
 a - a +0 robe (worn)
Jewellery
 b - a +6 ring of intelligence (left claw)
 d - a ring of positive energy (right claw)


   Skills:
 + Level 1.7 Dodging
 + Level 2.3 Stealth
 + Level 1.8 Spellcasting
 + Level 4.1 Necromancy


You had 2 spell levels left.
You knew the following spells:

 Your Spells              Type           Power      Damage    Failure   Level
a - Pain                  Necr           56%        1d6       3%          1

Your spell library contained the following spells:

 Spells                   Type           Power      Damage    Failure   Level
 Animate Skeleton         Necr           28%        N/A       3%          1
 Vampiric Draining        Necr           14%        2d7       12%         3
 Animate Dead             Necr           7%         N/A       36%         4
 Agony                    Necr           14%        N/A       71%         5


Dungeon Overview and Level Annotations

Branches:
Dungeon (1/15)

Altars:


Innate Abilities, Weirdness & Mutations

You thrive by killing the living.
You are immune to poison.
You have sharp fingernails.
Your flesh is cold resistant. (rC+)
You are immune to negative energy. (rN+++)
You do not regenerate when monsters are visible.
You are immune to unholy pain and torment.


Message History

You kill the ball python!
You feel better.
Found a mace.
You see here a ball python corpse.
A goblin comes into view. It is wielding a +0 club.
Found a stone staircase leading down.
Aiming: Pain (safe; 3% risk of failure)
Press: ? - help, Q - select action Shift-Dir - straight line, f - goblin
Aim: a goblin, wielding a +0 club (asleep, chance to affect: 84%)
The goblin writhes in agony.
You see here a ball python corpse.
You see here a ball python corpse.
The goblin shouts!
You hear a shout!
You don't have enough magic to cast this spell.
The goblin hits you with a +0 club.
You closely miss the goblin.
The goblin is heavily wounded.
The goblin hits you with a +0 club.
You hit the goblin.
The goblin is severely wounded.
The goblin hits you with a +0 club.
* * * LOW HITPOINT WARNING * * *
You closely miss the goblin.
The goblin is severely wounded.
The goblin barely misses you. The goblin barely misses you.
The goblin hits you with a +0 club.
* * * LOW HITPOINT WARNING * * *
You see here a ball python corpse.
The goblin hits you with a +0 club.
* * * LOW HITPOINT WARNING * * *
The goblin completely misses you.
Found a scroll labelled MYUKLEAMUCK.
The goblin closely misses you.
A goblin comes into view. It is wielding a +0 dagger.
A giant cockroach comes into view.
You see here a +0 mace.
The goblin barely misses you. The goblin hits you with a +0 dagger.
You die...

##...........######..##
............$##.......
#..............†......
##?.........##.......
#.....)....#########
#####..g....>..#
...............#
#####.gg.....##
#.@......# #..........#
#..........#
#....B.....#
#..........#
#..........#
##........# ##......##


You could see a giant cockroach and 3 goblins.

Vanquished Creatures
  2 ball pythons (D:1)
  A goblin (D:1)
  2 rats (D:1)
5 creatures vanquished.

Notes
Turn   | Place    | Note
-------+----------+-------------------------------------------
     0 | D:1      | Pennybags the Ghoul Necromancer began the quest for the
                  | Orb.
     0 | D:1      | Reached XP level 1. HP: 14/14 MP: 2/2
   410 | D:1      | Slain by a goblin

Illustrated notes

Levels and vault maps discovered:
D:1:      dpeg_arrival_round_a, layout_rooms, nicolae_ecumenical_lake_church

Action                   || total
-------------------------++-------
Melee: Dagger            ||     8
 Cast: Pain              ||     6
Armor: Robe              ||     3
Dodge: Dodged            ||     8
